cohdb
Replays
Latest Replays
All Replays
Popular Replays
Top Player Replays
Match Explorer
How It Works
Community
CoH3 Stats
Reddit
Sign in to upload your games and track your stats! →
Sign in with Steam
Match 45339557
Unlisted
Match 45339557
Overview
Messages
Build Orders
End
Construct Infanterie Kompanie
MG 42 Machine Gun Team
Selects Mechanized Battlegroup
Sniper
Grenadier Squad
Grenadier Squad
Construct Luftwaffe Kompanie
Flak 30 Anti-aircraft Gun Team
Support Elements
Medical Station
Selects Spotting Scopes
Wirbelwind Flakpanzer
Medical Bunker
Selects Wespe Self-propelled Artillery
Wespe Self-propelled Artillery
Flak 30 Anti-aircraft Gun Team
Wirbelwind Flakpanzer
Side Skirts
Grenadier Squad
Grenadier Squad
Selects Zeroing Artillery Barrage
Selects Raid Package
Selects StuG Assault Group
Zeroing Artillery Barrage
Grenadier Squad
Infanterie Officer Quarters
Cheemsz
mitchissuper
chmod 777
Elmglow175
TactiDaddy
Sir_Malgerus
Longbow
Bit_I
0
0
Comments
sign in to comment!
No comments posted yet!